 Dungeon Crawl Stone Soup version 0.29.1-15-g9cfb28693d (webtiles) character file.

Game seed: 4608337023722962632

581 zeram the Grave Robber (level 7, -4/51 HPs)
             Began as a Gnoll Necromancer on Feb 26, 2023.
             Succumbed to Blork the orc's poison
             ... on level 4 of the Dungeon.
             The game lasted 00:11:02 (4154 turns).

zeram the Grave Robber (Gnoll Necromancer)          Turns: 4154, Time: 00:11:02

Health: -4/51      AC:  7    Str:  4 (7)  XL:     7   Next: 36%
Magic:  12/15      EV: 11    Int: 16 (17) God:
Gold:   193        SH:  7    Dex:  9 (12) Spells: 2/17 levels left

rFire   . . .      SeeInvis .   l - +2 dagger (venom)
rCold   . . .      Faith    .   q - +0 kite shield
rNeg    + . .      Spirit   .   a - +0 robe
rPois   .          Reflect  .   i - +2 helmet
rElec   .          Harm     .   u - +0 cloak
rCorr   .          Rampage  .   (no gloves)
Will    .....                   e - +0 pair of boots
Stlth   +++.......              (no amulet)
HPRegen 0.17/turn               f - ring of positive energy
MPRegen 0.14/turn               (no ring)

@: lethally poisoned (-4 -> -31)
A: fangs 1, strong nose, distributed training
a: no special abilities


You were on level 4 of the Dungeon.
You visited 1 branch of the dungeon, and saw 4 of its levels.

You collected 193 gold pieces.

Inventory:

Hand Weapons
 l - a +2 dagger of venom (weapon)
Missiles
 t - a throwing net
Armour
 a - a +0 robe (worn)
 e - a +0 pair of boots (worn)
 i - a +2 helmet (worn)
 j - a +0 plate armour
 q - a +0 kite shield (worn)
 u - a +0 cloak (worn)
Magical Staves
 d - a staff of fire
Jewellery
 f - a ring of positive energy (left hand)
Scrolls
 m - a scroll of immolation
 r - a scroll of poison {unknown}
 v - a scroll of enchant weapon {unknown}
Potions
 b - a potion of magic
 g - 2 potions of brilliance
 h - a potion of invisibility {unknown}
 k - a potion of cancellation {unknown}
 n - a potion of lignification {unknown}
 o - a potion of attraction {unknown}
 p - a potion of degeneration
 s - a potion of mutation {unknown}


   Skills:
 + Level 2.5 Fighting
 + Level 2.5 Short Blades
 + Level 2.5 Long Blades
 + Level 2.5 Axes
 + Level 2.5 Maces & Flails
 + Level 2.5 Polearms
 + Level 2.5 Staves
 + Level 2.5 Ranged Weapons
 + Level 2.5 Throwing
 + Level 2.5 Armour
 + Level 5.2 Dodging
 + Level 4.9 Stealth
 + Level 2.5 Shields
 + Level 2.5 Unarmed Combat
 + Level 5.6 Spellcasting
 + Level 2.0 Conjurations
 + Level 2.0 Hexes
 + Level 2.0 Summonings
 + Level 7.4 Necromancy
 + Level 2.0 Translocations
 + Level 2.0 Transmutations
 + Level 2.0 Fire Magic
 + Level 2.0 Ice Magic
 + Level 2.0 Air Magic
 + Level 2.0 Earth Magic
 + Level 2.0 Poison Magic
 + Level 2.8 Invocations
 + Level 2.5 Evocations


You had 2 spell levels left.
You knew the following spells:

 Your Spells              Type           Power      Damage    Failure   Level
a - Necrotise             Necr           100%       1d9       2%          1
b - Vampiric Draining     Necr           28%        2d8       6%          3
c - Ensorcelled Hibernat  Hex/Ice        22%        N/A       28%         2
d - Passwall              Tmut/Erth      9%         N/A       28%         2
e - Swiftness             Air            11%        N/A       50%         3
f - Summon Lightning Spi  Summ/Air       11%        N/A       88%         4

Your spell library contained the following spells:

 Spells                   Type           Power      Damage    Failure   Level
 Animate Dead             Necr           28%        N/A       22%         4
 Spider Form              Tmut/Pois      11%        N/A       50%         3
 Agony                    Necr           28%        N/A       52%         5
 Anguish                  Hex/Necr       9%         N/A       54%         4
 Storm Form               Tmut/Air       5%         N/A       100%        7
 Maxwell's Capacitive Co  Air            5%         ∞         100%        8


Dungeon Overview and Level Annotations

Branches:
Dungeon (4/15)
 Temple: D:4-7

Altars:

Annotations:
D:4 3 runed translucent doors, Blork the orc; erowe747's ghost, weakling HuBe


Innate Abilities, Weirdness & Mutations

You have very sharp teeth.
Your uncanny sense of smell can sniff out nearby items.
Your experience applies equally to all skills.


Message History

Aiming: Necrotise (safe; 1% risk of failure)
Press: ? - help, Shift-Dir - straight line, f/p - jelly
Aim: a jelly (severely wounded, chance to affect: 88%)
The jelly barely resists.
The jelly closely misses you.
Blork the orc hits you from afar with a +4 glaive of venom!
You are poisoned.
Unknown command.
Casting: Necrotise (safe; 1% risk of failure)
Confirm with . or Enter, or press ? or * to list all spells.
Aiming: Necrotise (safe; 1% risk of failure)
Press: ? - help, Shift-Dir - straight line, f/p - jelly
Aim: a jelly (severely wounded, chance to affect: 88%)
The jelly writhes in agony!
You kill the jelly!
You feel very sick. Blork the orc closely misses you.
You feel very sick. Blork the orc misses you.
You feel very sick.
You feel very sick. Blork the orc completely misses you.
You feel sick.
Okay, then.
Okay, then.
You feel better. Blork the orc closely misses you.
Blork the orc gestures at you while chanting.
The magic dart hits you.
Blork the orc hits you from afar with a +4 glaive of venom.
* * * LOW HITPOINT WARNING * * *
You are poisoned.
As you read the scroll labelled ULILOT UPUMMI, it crumbles to dust.
The creatures around you are filled with an inner flame!
It was a scroll of immolation.
You feel sick.
Blork the orc hits you from afar with a +4 glaive of venom!
* * * LOW HITPOINT WARNING * * *
You are more poisoned.
It was a potion of degeneration.
There was something very wrong with that liquid.
You feel weakened.
You feel dopey.
You feel clumsy.
You die...

###...................
#....#........###.....
#............###.....
##............##.....
###...................... ###
#........>##.#........... ##
##.###.......o###.............
.###..##.........###.............
..##............@.........###..<.
.......................#.##......
.......................#.........
..#.....................)........
............)..........).........
.###..................###...####.
..#..............####.##.........
....................#####.......#
....)................###......###


You could see Blork the orc (fast, inner flame).

Vanquished Creatures
  An ogre (D:4)
  A centaur (D:4)
  A jelly (D:4)
  2 hounds (D:4)
  A gnoll bouda (D:4)
  Terence (D:3)
  An orc wizard (D:4)
  Robin (D:3)
  8 adders
  5 gnolls (D:4)
  A worm (D:2)
  5 dart slugs
  11 orcs
  5 endoplasms
  3 giant cockroaches
  16 goblins
  7 hobgoblins
  4 jackals (D:1)
  5 kobolds
  6 quokkas
  A ball python (D:4)
  6 bats
  A frilled lizard (D:1)
  2 rats
95 creatures vanquished.

Vanquished Creatures (collateral kills)
  A bat (D:1)
  A goblin (D:3)
  A hobgoblin (D:3)
  2 jackals (D:1)
  A rat (D:3)
6 creatures vanquished.

Grand Total: 101 creatures vanquished

Notes
Turn   | Place    | Note
-------+----------+-------------------------------------------
     0 | D:1      | zeram the Gnoll Necromancer began the quest for the Orb.
     0 | D:1      | Reached XP level 1. HP: 13/13 MP: 6/6
    37 | D:1      | Reached XP level 2. HP: 13/19 MP: 1/7
   460 | D:1      | Reached skill level 5 in Spellcasting
   460 | D:1      | Reached XP level 3. HP: 24/25 MP: 1/9
   464 | D:1      | Learned a level 3 spell: Vampiric Draining
   467 | D:1      | Learned a level 2 spell: Ensorcelled Hibernation
   530 | D:1      | Found a faded altar of an unknown god.
   780 | D:1      | Learned a level 2 spell: Passwall
  1002 | D:2      | Reached skill level 1 in Invocations
  1081 | D:2      | Reached skill level 1 in Fighting
  1081 | D:2      | Reached skill level 1 in Short Blades
  1081 | D:2      | Reached skill level 1 in Long Blades
  1081 | D:2      | Reached skill level 1 in Axes
  1081 | D:2      | Reached skill level 1 in Maces & Flails
  1081 | D:2      | Reached skill level 1 in Polearms
  1081 | D:2      | Reached skill level 1 in Staves
  1081 | D:2      | Reached skill level 1 in Ranged Weapons
  1081 | D:2      | Reached skill level 1 in Throwing
  1081 | D:2      | Reached skill level 1 in Armour
  1081 | D:2      | Reached skill level 1 in Shields
  1081 | D:2      | Reached skill level 1 in Unarmed Combat
  1081 | D:2      | Reached skill level 1 in Evocations
  1321 | D:2      | Reached XP level 4. HP: 20/32 MP: 4/11
  1325 | D:2      | Learned a level 3 spell: Swiftness
  1669 | D:2      | Reached skill level 1 in Conjurations
  1669 | D:2      | Reached skill level 1 in Hexes
  1669 | D:2      | Reached skill level 1 in Summonings
  1669 | D:2      | Reached skill level 1 in Translocations
  1669 | D:2      | Reached skill level 1 in Transmutations
  1669 | D:2      | Reached skill level 1 in Fire Magic
  1669 | D:2      | Reached skill level 1 in Ice Magic
  1669 | D:2      | Reached skill level 1 in Air Magic
  1669 | D:2      | Reached skill level 1 in Earth Magic
  1669 | D:2      | Reached skill level 1 in Poison Magic
  2376 | D:3      | Noticed Robin
  2387 | D:3      | Killed Robin
  2388 | D:3      | Reached XP level 5. HP: 34/37 MP: 1/12
  2798 | D:3      | Noticed Terence
  2805 | D:3      | Killed Terence
  3324 | D:4      | Reached XP level 6. HP: 42/44 MP: 6/13
  3342 | D:4      | Reached skill level 5 in Dodging
  3671 | D:4      | Noticed erowe747's ghost (weakling HuBe)
  3743 | D:4      | Found a runed translucent gate.
  3743 | D:4      | Found a runed translucent gate.
  3743 | D:4      | Found a runed translucent gate.
  3775 | D:4      | Reached XP level 7. HP: 50/50 MP: 15/15
  4014 | D:4      | Learned a level 4 spell: Summon Lightning Spire
  4139 | D:4      | Noticed Blork the orc
  4153 | D:4      | HP: 1/51 [Blork the orc/+4 glaive of venom (10)]
  4154 | D:4      | Succumbed to Blork the orc's poison

Illustrated notes

Levels and vault maps discovered:
D:1:      saegor_arrival_simple_a, layout_basic,
          ebering_ecumenical_altar_sacrificial
D:2:      layout_basic
D:3:      layout_loops_cross, uniq_terence, uniq_robin
D:4:      layout_cave_pools, gammafunk_ghost_icy, uniq_blork_the_orc

Skill      XL: |  1  2  3  4  5  6  7 |
---------------+----------------------+-----
Spellcasting   | 5 |  5.6
Invocations    | 1 2 |  2.8
Fighting       | 1 2 |  2.5
Short Blades   | 1 2 |  2.5
Long Blades    | 1 2 |  2.5
Axes           | 1 2 |  2.5
Maces & Flails | 1 2 |  2.5
Polearms       | 1 2 |  2.5
Staves         | 1 2 |  2.5
Ranged Weapons | 1 2 |  2.5
Throwing       | 1 2 |  2.5
Armour         | 1 2 |  2.5
Shields        | 1 2 |  2.5
Unarmed Combat | 1 2 |  2.5
Evocations     | 1 2 |  2.5
Conjurations   | 1 2 |  2.0
Hexes          | 1 2 |  2.0
Summonings     | 1 2 |  2.0
Translocations | 1 2 |  2.0
Transmutations | 1 2 |  2.0
Fire Magic     | 1 2 |  2.0
Ice Magic      | 1 2 |  2.0
Air Magic      | 1 2 |  2.0
Earth Magic    | 1 2 |  2.0
Poison Magic   | 1 2 |  2.0
Dodging        | 5 |  5.2
Stealth        | |  4.9
Necromancy     | |  7.4

Action                   |  1- 3 |  4- 6 |  7- 9 || total
-------------------------+-------+-------+-------++-------
Melee: Staff             |    20 |    31 |       ||    51
       Bite              |     2 |     4 |       ||     6
       Dagger            |       |    33 |     1 ||    34
 Cast: Necrotise         |    50 |    84 |    18 ||   152
       Vampiric Draining |       |       |     1 ||     1
  Use: Scroll            |     2 |     5 |     1 ||     8
       Potion            |       |     1 |     2 ||     3
 Stab: Sleeping          |     1 |     7 |       ||     8
       Distracted        |       |     2 |       ||     2
Armor: Robe              |    19 |    28 |     2 ||    49
Dodge: Dodged            |    50 |    82 |    15 ||   147
Block: Kite shield       |       |     7 |     2 ||     9
